 Dungeon Crawl Stone Soup version 0.21.1-1-g345015f (webtiles) character file.

10857 prawnwizard the Cleaver (level 11, -4/101 HPs)
             Began as a Minotaur Berserker on July 4, 2018.
             Was an Elder of Trog.
             Slain by a deep elf knight
             ... wielding a +0 scimitar
              (12 damage)
             ... on level 10 of the Dungeon.
             The game lasted 00:13:47 (8402 turns).

prawnwizard the Cleaver (Minotaur Berserker)        Turns: 8402, Time: 00:13:48

Health: -4/101     AC: 16    Str: 25    XL:     11   Next: 41%
Magic:  10/10      EV: 11    Int:  4    God:    Trog [****..]
Gold:   481        SH:  0    Dex: 10    Spells: 10/10 levels left

rFire    . . .     SeeInvis .   I - +0 war axe
rCold    . . .     Gourm    +   (no shield)
rNeg     . . .     Faith    .   C - +0 plate armour
rPois    .         Spirit   .   w - +1 hat
rElec    .         Reflect  .   q - +0 cloak
rCorr    .         Harm     .   (no gloves)
MR       ++...                  (no boots)
Stlth    ..........             G - amulet of the gourmand
HPRegen  1.26/turn              B - +1 ring of evasion
MPRegen  0.12/turn              H - ring of flight

@: berserk cooldown, regenerating, slowed, drained, very slow
A: retaliatory headbutt, horns 2
a: Berserk, Trog's Hand, Brothers in Arms, Burn Spellbooks, Renounce Religion,
Evoke Flight


You were on level 10 of the Dungeon.
You worshipped Trog.
Trog was greatly pleased with you.
You were very full.

You visited 1 branch of the dungeon, and saw 10 of its levels.

You collected 481 gold pieces.

Inventory:

Hand Weapons
 a - a +0 hand axe
 I - a +0 war axe (weapon)
Armour
 q - a +0 cloak (worn)
 w - a +1 hat (worn)
 C - a +0 plate armour (worn)
Jewellery
 b - an uncursed amulet of regeneration
 B - a +1 ring of evasion (left hand)
 G - an amulet of the gourmand (around neck)
 H - a ring of flight (right hand)
 J - an uncursed ring of ice
 N - a +4 ring of intelligence {unknown}
 P - a +4 ring of dexterity {unknown}
Wands
 u - a wand of paralysis (18)
 E - a wand of scattershot (5)
 L - a wand of acid (12)
Scrolls
 f - 3 scrolls of remove curse {unknown}
 g - 7 scrolls of identify {unknown}
 h - 6 scrolls of teleportation {unknown}
 l - 2 scrolls of enchant armour {unknown}
 p - 2 scrolls of amnesia {unknown}
 s - 2 scrolls of fear {unknown}
 x - 2 scrolls of enchant weapon {unknown}
 y - 2 scrolls of magic mapping {unknown}
 z - a scroll of immolation {unknown}
 A - 2 scrolls of fog {unknown}
 F - 2 scrolls of vulnerability {unknown}
Potions
 e - a potion of brilliance {unknown}
 i - 4 potions of curing {unknown}
 j - 3 potions of flight {unknown}
 k - 3 potions of heal wounds {unknown}
 m - 3 potions of mutation {unknown}
 n - a potion of berserk rage {unknown}
 o - 3 potions of resistance {unknown}
 r - a potion of lignification {unknown}
 t - a potion of might {unknown}
 v - 2 potions of haste {unknown}
 D - a potion of magic {unknown}
 K - a potion of agility {unknown}
 O - a potion of ambrosia {unknown}
Books
 d - a book of Party Tricks

   Spells                             Type                      Level
   a - Summon Butterflies             Summoning                    1
   b - Apportation                    Translocation                1
   c - Lesser Beckoning               Translocation                3
   d - Tukima's Dance                 Hexes                        3
   e - Alistair's Intoxication        Transmutation/Poison         5
   f - Invisibility                   Hexes                        6
   Trog disapproves of the use of such an item.
Comestibles
 c - 13 rations


   Skills:
 + Level 10.4(10.0) Fighting
 * Level 13.6(13.2) Axes
 + Level 10.0(9.5) Armour
 + Level 9.2(8.8) Dodging
 - Level 0.1(0.0) Stealth


You had 10 spell levels left.
You didn't know any spells.

Dungeon Overview and Level Annotations

Branches:
Dungeon (10/15)            Temple (0/1) D:5
   Lair: D:8-11         Orc: D:9-12

Altars:
Ashenzari
Cheibriados
Dithmenos
Elyvilon
Fedhas
Gozag
Hepliaklqana
Kikubaaqudgha
Qazlal
Uskayaw
Vehumet
Wu Jian
Zin
Jiyva

Shops:
D:4 *   D:6 *


Innate Abilities, Weirdness & Mutations

You reflexively headbutt those who attack you in melee.
You have a pair of horns on your head.


Message History

You are exhausted.
You feel yourself slow down.
Your two-headed ogre misses something. x2
You hear some strange, mumbled words.
A shard of ice appears from out of thin air!
The shard of ice hits you!
* * * LOW HITPOINT WARNING * * *
Something hits you but does no damage.
You completely miss something. Your headbutt misses something.
You completely miss something.
Your two-headed ogre closely misses something.
Your two-headed ogre misses something.
Something hits you.
* * * LOW HITPOINT WARNING * * *
Your two-headed ogre misses something.
Your two-headed ogre closely misses something.
Something hits you but does no damage.
You closely miss something. You hit something. Something hits you!
* * * LOW HITPOINT WARNING * * *
Your two-headed ogre barely misses something. x2
Something hits you!
You die...

#.# #...........### #..
############# # ##. # #+
# # ##### ########....
###########...........
.###..O{@......######....
.'.....)######## #.... #
.######.# ##### + #.# #
..# ..# ...# ..## #..


You could see a friendly two-headed ogre (berserk).

Vanquished Creatures
  Snorg (D:10)
  Erica (D:10)
  4 two-headed ogres
  The ghost of NewPlayer the Basher, a novice OgGl (D:5)
  A centaur zombie (D:10)
  Joseph (D:10)
  A hornet (D:9)
  A troll (D:10)
  Sigmund (D:2)
  2 wyverns
  3 yaks (D:8)
  A hungry ghost (D:10)
  5 orc warriors
  4 ice beasts
  8 ogres
  A phantom (D:4)
  3 centaurs
  5 bullfrogs
  A gnoll sergeant (D:9)
  A wyvern zombie (D:6)
  The ghost of Lear85 the Skirmisher, a weakling DrBe of Trog (D:3)
  3 howler monkeys (D:8)
  2 crimson imps
  7 jellies
  A quasit (D:8)
  2 bullfrog skeletons
  7 orc priests
  2 hounds
  12 orc wizards
  Crazy Yiuf (D:2)
  3 iguanas
  A centaur skeleton (D:6)
  2 worker ants
  A killer bee zombie (D:6)
  A hound zombie (D:5)
  2 hound skeletons
  A worker ant zombie (D:8)
  4 gnolls (D:9)
  A howler monkey skeleton (D:5)
  5 adders
  A shadow imp (D:7)
  6 oozes
  An adder skeleton (D:5)
  2 worms
  2 dart slugs
  3 leopard geckos
  41 orcs
  2 giant cockroaches
  11 goblins
  7 hobgoblins
  7 jackals
  2 kobolds
  7 quokkas
  3 ball pythons
  9 bats
  2 frilled lizards
  A jackal skeleton (D:7)
  6 rats
218 creatures vanquished.

Vanquished Creatures (collateral kills)
  Fannar (D:10)
1 creature vanquished.

Grand Total: 219 creatures vanquished

Notes
Turn   | Place    | Note
-------+----------+-------------------------------------------
     0 | D:1      | prawnwizard the Minotaur Berserker began the quest for the Orb.
     0 | D:1      | Reached XP level 1. HP: 19/19 MP: 0/0
   508 | D:1      | Reached XP level 2. HP: 26/27 MP: 1/1
   661 | D:2      | Reached skill level 4 in Axes
  1048 | D:2      | Noticed Sigmund
  1056 | D:2      | Killed Sigmund
  1056 | D:2      | Reached skill level 5 in Axes
  1056 | D:2      | Reached XP level 3. HP: 17/34 MP: 2/2
  1056 | D:2      | Reached XP level 4. HP: 21/41 MP: 3/3
  1056 | D:2      | Reached XP level 5. HP: 24/47 MP: 4/4
  1334 | D:2      | Found a shadowy altar of Dithmenos.
  1372 | D:2      | Found a runed door.
  1548 | D:2      | Found a radiant altar of Vehumet.
  1628 | D:2      | Noticed Crazy Yiuf
  1635 | D:2      | Killed Crazy Yiuf
  1991 | D:3      | Found a faded altar of an unknown god.
  2041 | D:3      | Noticed Lear85's ghost (weakling DrBe)
  2054 | D:3      | Killed Lear85's ghost
  2054 | D:3      | Reached skill level 5 in Fighting
  2054 | D:3      | Reached XP level 6. HP: 45/56 MP: 5/5
  2058 | D:3      | Found a stormy altar of Qazlal.
  2116 | D:3      | Reached ** piety under Trog
  2187 | D:3      | Reached skill level 6 in Axes
  2749 | D:4      | Reached XP level 7. HP: 50/61 MP: 6/6
  2813 | D:4      | Reached skill level 7 in Axes
  2871 | D:4      | Found a shattered altar of Ashenzari.
  3125 | D:4      | Found Mecsud's General Store.
  3266 | D:5      | Entered Level 5 of the Dungeon
  3266 | D:5      | Found a staircase to the Ecumenical Temple.
  3274 | D:5      | Found a snail-covered altar of Cheibriados.
  3301 | D:5      | Found a hide-covered altar of Uskayaw.
  3359 | D:5      | Reached skill level 5 in Armour
  3393 | D:5      | Reached XP level 8. HP: 25/70 MP: 7/7
  3512 | D:5      | Reached skill level 8 in Axes
  3512 | D:5      | Reached skill level 5 in Dodging
  3660 | D:5      | Noticed NewPlayer's ghost (novice OgGl)
  3682 | D:5      | Killed NewPlayer's ghost
  3682 | D:5      | Reached skill level 9 in Axes
  3793 | D:5      | Found an opulent altar of Gozag.
  4151 | D:5      | Found a hazy altar of Hepliaklqana.
  4483 | D:6      | Reached *** piety under Trog
  4484 | D:6      | Reached XP level 9. HP: 46/79 MP: 8/8
  4739 | D:6      | Reached skill level 10 in Axes
  5084 | D:6      | Found Zin's Purification Station.
  5086 | D:6      | Found a glowing silver altar of Zin.
  5726 | D:7      | Found a white marble altar of Elyvilon.
  5766 | D:7      | Found a blossoming altar of Fedhas.
  5766 | D:7      | Found an ornate altar of the Wu Jian Council.
  5851 | D:7      | Found the +4 robe of Augmentation {Str+4 Int+4 Dex+4}
  5973 | D:7      | Reached **** piety under Trog
  6115 | D:8      | Noticed a two-headed ogre
  6121 | D:8      | Killed a two-headed ogre
  6121 | D:8      | Reached skill level 11 in Axes
  6185 | D:8      | Reached XP level 10. HP: 29/90 MP: 9/9
  6448 | D:8      | Received a gift from Trog
  6492 | D:8      | Noticed a two-headed ogre
  6510 | D:8      | Killed a two-headed ogre
  6510 | D:8      | Reached skill level 12 in Axes
  7017 | D:9      | Reached ***** piety under Trog
  7053 | D:9      | Paralysed by a hornet for 2 turns
  7616 | D:9      | Noticed a two-headed ogre
  7622 | D:9      | Killed a two-headed ogre
  7852 | D:9      | Found an ancient bone altar of Kikubaaqudgha.
  7906 | D:10     | Entered Level 10 of the Dungeon
  7944 | D:10     | Noticed a two-headed ogre
  7951 | D:10     | Killed a two-headed ogre
  7951 | D:10     | Reached XP level 11. HP: 99/99 MP: 10/10
  7954 | D:10     | Reached skill level 10 in Fighting
  7954 | D:10     | Reached skill level 13 in Axes
  7960 | D:10     | Noticed Fannar
  7966 | D:10     | Killed Fannar
  8092 | D:10     | Found a viscous altar of Jiyva.
  8309 | D:10     | Noticed Snorg
  8317 | D:10     | Killed Snorg
  8373 | D:10     | Noticed Joseph
  8374 | D:10     | Noticed Erica
  8384 | D:10     | Noticed a deep elf knight
  8384 | D:10     | Killed Erica
  8387 | D:10     | Noticed a deep elf knight
  8393 | D:10     | Killed Joseph
  8393 | D:10     | Reached skill level 10 in Armour
  8402 | D:10     | Slain by a deep elf knight

Skill      XL: |  1  2  3  4  5  6  7  8  9 10 11 |
---------------+----------------------------------+-----
Fighting       | 4 5 6 7 8 9 10 | 10.4
Axes           | 5 6 7 9 11 12 13 | 13.6
Armour         | 3 4 5 6 8 9 10 | 10.0
Dodging        | 3 4 6 7 8 9 |  9.2
Stealth        | |  0.1

Action                   |  1- 3 |  4- 6 |  7- 9 | 10-12 || total
-------------------------+-------+-------+-------+-------++-------
Melee: Hand axe          |    45 |   105 |   275 |   121 ||   546
       Headbutt          |     6 |    20 |    56 |    55 ||   137
       War axe           |       |       |       |   106 ||   106
Invok: Berserk           |     1 |       |     5 |     8 ||    14
       Trog's Hand       |       |       |     1 |     1 ||     2
       Brothers in Arms  |       |       |       |     2 ||     2
  Eat: Chunk             |       |     3 |     8 |    33 ||    44
       Ration            |       |     1 |     3 |       ||     4
Armor: Animal skin       |     4 |       |       |       ||     4
       Scale mail        |     8 |    29 |       |       ||    37
       Chain mail        |       |     4 |    87 |       ||    91
       Plate armour      |       |       |    14 |    72 ||    86
Dodge: Dodged            |    30 |    62 |   117 |   101 ||   310
